 Dungeon Crawl Stone Soup version 0.30-a0-218-gedb9141078 (webtiles) character file.

Game seed: 125908727041839503

39 Essalna the Covered (level 3, 0/33 HPs)
             Began as an Armataur Berserker on Oct 5, 2022.
             Was a Follower of Trog.
             Frozen to death by an endoplasm (5 damage)
             ... on level 2 of the Dungeon.
             The game lasted 00:01:48 (913 turns).

Essalna the Covered (Armataur Berserker)             Turns: 913, Time: 00:01:49

Health: 0/33       AC:  6    Str: 24    XL:     3   Next: 26%
Magic:  3/3        EV:  8    Int:  7    God:    Trog [*.....]
Gold:   35         SH:  0    Dex:  9    Spells: 2/2 levels left

rFire   . . .      SeeInvis .    a - +0 mace
rCold   . . .      Faith    .    (no shield)
rNeg    . . .      Spirit   .    h - +0 scale mail
rPois   .          Reflect  .    (no helmet)
rElec   .          Harm     .    (no cloak)
rCorr   .          Roll     +    (no gloves)
Will    .....                    (no barding)
Stlth   ..........               d - amulet of regeneration
HPRegen 1.05/turn                (no ring)
MPRegen 0.08/turn                (no ring)

@: no status effects
A: large, rugged brown scales 3, deformed body, armoured tail, roll, long
tongue, awkward tongue
a: Renounce Religion, Berserk


You were on level 2 of the Dungeon.
You worshipped Trog.
Trog was aware of your devotion.
You visited 1 branch of the dungeon, and saw 2 of its levels.

You collected 35 gold pieces.

Inventory:

Hand Weapons
 a - a +0 mace (weapon)
Armour
 b - a +0 animal skin
 h - a +0 scale mail (worn)
Jewellery
 d - an amulet of regeneration (around neck)
Scrolls
 e - a scroll of identify {unknown}
 g - a scroll of teleportation {unknown}
 i - 3 scrolls of vulnerability {unknown}
Potions
 c - a potion of mutation {unknown}
 f - a potion of brilliance {unknown}
 j - a potion of flight {unknown}


   Skills:
 + Level 3.2 Fighting
 + Level 3.1 Maces & Flails
 + Level 3.2 Armour
 - Level 1.3 Dodging


You had 2 spell levels left.
You didn't know any spells.
Your spell library was empty.

Dungeon Overview and Level Annotations

Branches:
Dungeon (2/15)

Altars:


Innate Abilities, Weirdness & Mutations

You are completely covered in rugged brown scales. (AC +3, +7% HP)
Armour fits poorly on your strangely shaped body.
You have a long armoured tail.
You roll when moving toward enemies. (Rampage)
Your long tongue fully drains potion bottles. (2x potion effects)
Your tongue gives you trouble enunciating. (1.5x scroll delay)


Message History

The hobgoblin hits you with a +0 short sword.
The adder bites you but does no damage.
The endoplasm quivers.
You hit the adder but do no damage.
The adder is severely wounded.
The adder bites you. The hobgoblin barely misses you.
You sock the adder!
You kill the adder!
Trog accepts your kill.
The hobgoblin hits you with a +0 short sword.
You have reached level 3!
Your experience leads to an increase in your attributes!
Increase (S)trength, (I)ntelligence, or (D)exterity?
You feel stronger. x2
You barely miss the hobgoblin.
The hobgoblin hits you but does no damage.
The endoplasm closely misses you.
The hobgoblin hits you with a +0 short sword.
You hit the hobgoblin but do no damage.
The hobgoblin hits you with a +0 short sword.
The endoplasm hits you but does no damage.
You sock the hobgoblin!
You kill the hobgoblin!
Trog accepts your kill. The endoplasm freezes you.
You are frozen.
You completely miss the endoplasm.
The endoplasm hits you but does no damage.
The endoplasm closely misses you.
You hit the endoplasm.
The endoplasm is severely wounded.
The endoplasm freezes you.
You are frozen.
* * * LOW HITPOINT WARNING * * *
The endoplasm freezes you.
You are frozen.
* * * LOW HITPOINT WARNING * * *
The endoplasm freezes you.
You are frozen.
You die...

#.....$....
#........#
####........##
............#
# #..........#
#.#.......<..#
.............#
.......J.....#
.......@....##
......J)...##
.........###
.........#
##.....###
#...## #...
#..#


You could see 2 endoplasms.

Vanquished Creatures
  An adder (D:2)
  A dart slug (D:1)
  A bat (D:1)
  5 endoplasms (D:1)
  2 giant cockroaches (D:1)
  A goblin (D:1)
  3 hobgoblins
  3 jackals (D:1)
  3 kobolds (D:1)
  A ball python (D:1)
  3 rats (D:1)
24 creatures vanquished.

Vanquished Creatures (others)
  11 plants (D:1)
  8 withered plants (D:1)
19 creatures vanquished.

Grand Total: 43 creatures vanquished

Notes
Turn   | Place    | Note
-------+----------+-------------------------------------------
     0 | D:1      | Essalna the Armataur Berserker began the quest for the Orb.
     0 | D:1      | Reached XP level 1. HP: 19/19 MP: 1/1
   196 | D:1      | Found a faded altar of an unknown god.
   223 | D:1      | Reached XP level 2. HP: 26/26 MP: 2/2
   909 | D:2      | Reached XP level 3. HP: 16/33 MP: 3/3
   913 | D:2      | Frozen to death by an endoplasm

Illustrated notes

Levels and vault maps discovered:
D:1:      scummos_arrival_star, layout_loops_ring,
          shapermc_ecumenical_altar_flowoftime, chequers_big_river,
          minmay_cut_off
D:2:      minmay_chambers_of_ones, layout_rooms, basic_altar,
          uniq_crazy_yiuf_cottage

Skill      XL: |  1  2 |
---------------+-------+-----
Fighting       | 3 |  3.2
Maces & Flails | 3 |  3.1
Armour         | 3 |  3.2
Dodging        | |  1.3

Action                   || total
-------------------------++-------
Melee: Mace              ||    76
       Tailslap          ||     7
 Stab: Sleeping          ||     1
Armor: Animal skin       ||    27
       Scale mail        ||    13
Dodge: Dodged            ||    36

Table legend: (Time is in decaauts)
 A = Elapsed time spent in this place.
 B = Non-inter-level travel time spent in this place.
 C = Inter-level travel time spent in this place.
 D = Time resting spent in this place.
 E = Time spent auto-exploring this place.
 F = Levels seen in this place.
 G = Mean time per level.
                   A        B        C        D        E       F      G
               +--------+--------+--------+--------+--------+-----+--------+
         Total |    938 |    917 |     21 |      0 |    742 |   2 |  469.0 |
       Dungeon |    938 |    917 |     21 |      0 |    742 |   2 |  469.0 |
               +--------+--------+--------+--------+--------+-----+--------+

Top non-repeatable levels by time:
     D:1: 911 daAuts
     D:2: 27 daAuts
